 Dungeon Crawl Stone Soup version 0.24-a0-487-g57318f2 (webtiles) character file.

Game seed: 8112698378558014927

1703 Fortuna the Conjurer (level 8, 67/67 HPs)
             Began as a White Draconian Fire Elementalist on July 10, 2019.
             Was a Follower of Sif Muna.
             Quit the game on level 6 of the Dungeon.
             The game lasted 00:31:57 (9564 turns).

Fortuna the Conjurer (DrFE)                         Turns: 9564, Time: 00:31:58

Health: 67/67      AC:  8    Str: 10    XL:     8   Next: 73%
Magic:  14/14      EV: 12    Int: 18    God:    Sif Muna [*.....]
Gold:   280        SH:  0    Dex: 12    Spells: 5/15 levels left

rFire    . . .     SeeInvis +   A - +2 morningstar (crush)
rCold    + . .     Gourm    .   (no shield)
rNeg     . . .     Faith    .   (armour unavailable)
rPois    .         Spirit   .   q - +0 hat
rElec    .         Reflect  .   (no cloak)
rCorr    .         Harm     .   (no gloves)
MR       .....                  a - +0 pair of boots
Stlth    ++........             (no amulet)
HPRegen  0.21/turn              c - ring of see invisible
MPRegen  0.14/turn              u - +1 ring of protection

@: no status effects
A: breathe frost, unfitting armour, cold resistance 1, cold-blooded, AC +6
a: Breathe Frost, Channel Magic, Renounce Religion


You were on level 6 of the Dungeon.
You worshipped Sif Muna.
Sif Muna was aware of your devotion.
You were not hungry.

You visited 2 branches of the dungeon, and saw 8 of its levels.

You collected 280 gold pieces.

Inventory:

Hand Weapons
 A - a +2 morningstar of crushing (weapon)
Missiles
 i - 18 boomerangs (quivered)
Armour
 a - a +0 pair of boots (worn)
 q - a +0 hat (worn)
Jewellery
 c - a ring of see invisible (left hand)
 u - a +1 ring of protection (right hand)
Wands
 k - a wand of flame (18)
 p - a wand of polymorph (8)
 y - a wand of scattershot (9)
 D - a wand of digging (6)
Scrolls
 d - a scroll of teleportation
 e - 4 scrolls of blinking
 f - a scroll of enchant weapon {unknown}
 g - a scroll of magic mapping {unknown}
 j - a scroll of amnesia {unknown}
 n - 3 scrolls of remove curse
 o - a scroll of enchant armour {unknown}
Potions
 h - a potion of haste {unknown}
 l - 2 potions of ambrosia
 m - 2 potions of curing
 r - 2 potions of might
 s - a potion of magic {unknown}
 t - a potion of flight {unknown}
 v - a potion of degeneration {unknown}
 w - 2 potions of brilliance
 x - a potion of resistance {unknown}
 z - 2 potions of heal wounds
 C - a potion of agility
Comestibles
 b - 6 rations


   Skills:
 + Level 4.6 Fighting
 + Level 2.2 Maces & Flails
 - Level 1.7 Dodging
 - Level 1.7 Stealth
 - Level 4.0 Spellcasting
 * Level 7.5 Conjurations
 - Level 5.0 Fire Magic


You had 5 spell levels left.
You knew the following spells:

 Your Spells              Type           Power        Failure   Level  Hunger
a - Flame Tongue          Conj/Fire      ####.        1%          1    None
b - Throw Flame           Conj/Fire      ####..       1%          2    ##.....
c - Conjure Flame         Conj/Fire      ####....     3%          3    ###....
d - Sticky Flame          Conj/Fire      ####....     11%         4    ####...

Your spell library contained the following spells:

 Spells                   Type           Power        Failure   Level  Hunger
 Inner Flame              Hex/Fire       ##......     16%         3    ###....
 Fireball                 Conj/Fire      ####......   30%         5    ######.


Dungeon Overview and Level Annotations

Branches:
Dungeon (7/15)             Temple (1/1) D:4

Altars:
Ashenzari
Cheibriados
Dithmenos
Fedhas
Gozag
Hepliaklqana
Kikubaaqudgha
Makhleb
Nemelex Xobeh
Okawaru
Qazlal
Ru
Sif Muna
Trog
Uskayaw
Vehumet
Wu Jian
Xom
Yredelemnul
Zin
The Shining One

Annotations:
D:2 Sigmund
D:3 Ijyb
D:4 exclusion: ogre
D:7 Joseph


Innate Abilities, Weirdness & Mutations

You can breathe waves of freezing cold.
You can buffet flying creatures when you breathe cold.
Your icy white scales are hard. (AC +6)
You cannot fit into any form of body armour.
Your flesh is cold resistant. (rC+)
You are cold-blooded and may be slowed by cold attacks.


Message History

The hound is covered in liquid flames!
The hound burns!
The hound bites you but does no damage.
The hound burns!
The hound barely misses you.
The hound burns!
The hound burns!
You kill the hound!
Sif Muna accepts your kill.
You have got your breath back.
There is an escape hatch in the ceiling here.
A mysterious force pulls you upwards. The hatch slams shut behind you.
You start resting.
Magic restored.
You start resting.
You are feeling very hungry.
You start resting.
You are near starving!
You eat one of the 7 rations.
That ration really hit the spot!
You start resting.
HP restored.
Are you sure you want to abandon this character and quit the game? (Confirm with "yes".)

#............###.#.
#########.##.......
### #.#########
..##### #.# ......#
#.# ..###.#
####.#### #.###.#
####### #.......#
...##.#
#.....#####.##.##.#
#..##.#
#.###..@........#.#
......# #.#
#######.#...#.#
#..#### #.#
#.......# ...# #.#
#.#...#.######
##.#### #.#
#.............
......####.#####
####.#########
##.##.##.......#
#.#
#.##.##.#.###.####
##+##
##.##.##..........#
##...##


There were no monsters in sight!

Vanquished Creatures
  A water moccasin (D:7)
  2 orc warriors
  A necrophage (D:7)
  An ogre (D:6)
  A centaur (D:3)
  5 scorpions
  A howler monkey (D:6)
  A crimson imp (D:7)
  A bullfrog zombie (D:7)
  An orc priest (D:3)
  2 hounds
  7 orc wizards
  An iguana (D:7)
  6 worker ants
  Natasha (D:1)
  A howler monkey zombie (D:5)
  16 adders
  2 howler monkey skeletons (D:4)
  2 shadow imps
  An adder zombie (D:5)
  An adder skeleton (D:4)
  A worm (D:5)
  2 dart slugs
  6 leopard geckos
  29 orcs
  A ball python (D:3)
  5 giant cockroaches
  8 goblins
  5 hobgoblins
  5 jackals
  2 quokkas
  4 bats
  6 frilled lizards
  7 kobolds
  A leopard gecko skeleton (D:5)
  A leopard gecko zombie (D:5)
  A quokka zombie (D:2)
  4 rats
143 creatures vanquished.

Notes
Turn   | Place    | Note
-------+----------+-------------------------------------------
     0 | D:1      | Fortuna the Draconian Fire Elementalist began the quest for
                  | the Orb.
     0 | D:1      | Reached XP level 1. HP: 14/14 MP: 3/3
   314 | D:1      | Reached XP level 2. HP: 20/20 MP: 0/5
   318 | D:1      | Learned a level 2 spell: Throw Flame
   561 | D:1      | Reached skill level 2 in Conjurations
  1393 | D:2      | Reached XP level 3. HP: 26/26 MP: 0/6
  1452 | D:2      | Noticed Natasha
  1453 | D:2      | Noticed Sigmund
  1495 | D:1      | Killed Natasha
  1549 | D:1      | Learned a level 3 spell: Conjure Flame
  1890 | D:3      | Reached XP level 4. HP: 33/33 MP: 3/7
  1991 | D:3      | Reached skill level 3 in Conjurations
  2532 | D:3      | Reached XP level 5. HP: 38/38 MP: 3/9
  3417 | D:3      | Noticed Ijyb
  3619 | D:3      | Learned a level 4 spell: Sticky Flame
  3742 | D:3      | Noticed a centaur
  3755 | D:3      | Killed a centaur
  3755 | D:3      | Reached skill level 4 in Conjurations
  3756 | D:3      | Reached XP level 6. HP: 25/46 MP: 6/10
  4072 | D:4      | Found a staircase to the Ecumenical Temple.
  4078 | D:4      | Reached skill level 1 in Fighting
  4087 | Temple   | Entered the Ecumenical Temple
  4391 | D:4      | Found an opulent altar of Gozag.
  4392 | D:4      | Found a glowing silver altar of Zin.
  5060 | D:4      | Reached skill level 5 in Conjurations
  5060 | D:4      | Reached skill level 5 in Fire Magic
  5169 | D:4      | Your scales start taking on an icy white colour.
  5169 | D:4      | Reached XP level 7. HP: 55/55 MP: 3/11
  5169 | D:4      | Gained mutation: Your flesh is cold resistant. (rC+) [White
                  | Draconian growth]
  5608 | Temple   | Became a worshipper of Sif Muna the Loreminder
  5646 | D:5      | Entered Level 5 of the Dungeon
  6914 | D:6      | Found a snail-covered altar of Cheibriados.
  7209 | D:6      | Found an ancient bone altar of Kikubaaqudgha.
  7209 | D:6      | Found a shattered altar of Ashenzari.
  7210 | D:6      | Found a sparkling altar of Nemelex Xobeh.
  7394 | D:6      | Reached skill level 6 in Conjurations
  7487 | D:6      | Reached * piety under Sif Muna
  7642 | D:6      | Found a radiant altar of Vehumet.
  7676 | D:6      | Found a basalt altar of Yredelemnul.
  7695 | D:6      | Reached skill level 5 in Fire Magic
  7695 | D:6      | Reached XP level 8. HP: 54/63 MP: 8/13
  8360 | D:6      | Found a glowing golden altar of the Shining One.
  8360 | D:6      | Found a hide-covered altar of Uskayaw.
  8361 | D:6      | Found a burning altar of Makhleb.
  8666 | D:7      | Reached skill level 1 in Maces & Flails
  8773 | D:7      | Reached skill level 7 in Conjurations
  9270 | D:7      | Noticed Joseph
  9564 | D:6      | Quit the game

Levels and vault maps discovered:
D:1:      enne_arrival_octagon_isle, layout_loops_ring
D:2:      layout_basic, first_ration, uniq_sigmund, uniq_natasha
D:3:      layout_basic, uniq_ijyb
D:4:      layout_basic, grunt_temple_overflow_gold_and_silver,
          minmay_temple_entry_water_ring
D:5:      layout_basic
D:6:      layout_loops_corners, nicolae_overflow_hidden_temple,
          gammafunk_temple_overflow_forgotten, kennysheep_mini
D:7:      layout_basic, lemuel_coloured_pillars_altar, grunt_livestock,
          kennysheep_nondescript, uniq_joseph
Temple:   dpeg_chambers_temple

Skill      XL: |  1  2  3  4  5  6  7  8 |
---------------+-------------------------+-----
Conjurations   | 2 3 4 5 6 7 |  7.5
Spellcasting   | 3 4 |  4.0
Fire Magic     | 4 4 5 |  5.0
Fighting       | 2 3 4 |  4.6
Maces & Flails | 2 |  2.2
Dodging        | |  1.7
Stealth        | |  1.7

Action                   |  1- 3 |  4- 6 |  7- 9 || total
-------------------------+-------+-------+-------++-------
Melee: Unarmed           |    15 |       |       ||    15
       Tailslap          |     3 |     1 |     3 ||     7
       Short sword       |    12 |    49 |     3 ||    64
       Whip              |     3 |       |       ||     3
       Flail             |       |       |    13 ||    13
       Morningstar       |       |       |    20 ||    20
Throw: Boomerang         |       |       |     2 ||     2
 Cast: Flame Tongue      |    35 |   105 |    88 ||   228
       Throw Flame       |    13 |    30 |    41 ||    84
       Conjure Flame     |       |     4 |     3 ||     7
       Sticky Flame      |       |       |    13 ||    13
 Abil: Breathe Frost     |       |       |     6 ||     6
  Use: Scroll            |       |     3 |     4 ||     7
  Eat: Chunk             |     4 |     9 |    15 ||    28
       Ration            |       |     1 |     2 ||     3
Armor: Skin              |    13 |    23 |    27 ||    63
Dodge: Dodged            |    33 |    78 |    46 ||   157

Table legend:
 A = Non-vault XP
 B = Vault XP
 C = Vault XP percentage of total XP
 D = Non-vault monster count
 E = Vault monster count
 F = Vault count percentage of total count
                 A         B        C        D         E       F
            +---------+---------+-------+---------+---------+-------
      Total |    2401 |      33 |   1.4 |     142 |       1 |   0.7
            +---------+---------+-------+---------+---------+-------
        D:1 |      30 |      33 |  52.4 |      16 |       1 |   5.9
        D:2 |      21 |       0 |   0.0 |      12 |       0 |   0.0
        D:3 |     298 |       0 |   0.0 |      35 |       0 |   0.0
        D:4 |     487 |       0 |   0.0 |      22 |       0 |   0.0
        D:5 |     128 |       0 |   0.0 |      13 |       0 |   0.0
        D:6 |     782 |       0 |   0.0 |      31 |       0 |   0.0
        D:7 |     655 |       0 |   0.0 |      13 |       0 |   0.0
            +---------+---------+-------+---------+---------+-------
